 Dungeon Crawl Stone Soup version 0.19-a0-36-g4a0968a (webtiles) character file.

107 nubinia the Conjurer (level 4, -1/24 HPs)
             Began as a Tengu Conjurer on May 4, 2016.
             Slain by a big kobold
             ... wielding a +0 short sword
              (4 damage)
             ... in a sewer.
             The game lasted 00:11:50 (2598 turns).

nubinia the Conjurer (Tengu Conjurer)               Turns: 2598, Time: 00:11:52

Health: -1/24      AC:  2    Str:  9    XL:     4   Next: 85%
Magic:  0/8        EV: 13    Int: 16    God:
Gold:   78         SH:  0    Dex: 14    Spells: 2 memorised, 3 levels left

rFire  . . .     SeeInvis .     f - +0 club
rCold  . . .     Gourm    .     a - +0 robe
rNeg   . . .     Faith    .     (no shield)
rPois  .         Spirit   .     (helmet restricted)
rElec  .         Dismiss  .     (no cloak)
rCorr  .         Reflect  .     (no gloves)
SustAt .         Harm     .     (boots unavailable)
MR     .....                    (no amulet)
Stlth  ++........               (no ring)
                                (no ring)

@: not resistant to hostile enchantments, unstealthy
A: beak, talons 3
a: no special abilities


You were in a sewer.
You were not hungry.

You visited 1 branch of the dungeon, and saw 3 of its levels.
You also visited: Sewer.

You collected 78 gold pieces.

Inventory:

Hand Weapons
 f - a +0 club (weapon)
 i - a +0 blowgun
Missiles
 k - 8 poisoned needles
Armour
 a - a +0 robe (worn)
Scrolls
 e - a scroll of identify
Potions
 g - a potion of ambrosia {unknown}
 j - 4 potions of heal wounds
 l - 2 potions of might {unknown}
 m - a potion of curing
 n - a potion of brilliance {unknown}
Books
 b - a book of Conjurations

   Spells                             Type                      Level
   a - Magic Dart                     Conjuration                  1
   b - Searing Ray                    Conjuration                  2
   c - Dazzling Spray                 Conjuration/Hexes            3
   d - Fulminant Prism                Conjuration/Hexes            4
   e - Iskenderun's Mystic Blast      Conjuration                  4
   f - Iskenderun's Battlesphere      Conjuration/Charms           5
Comestibles
 c - 3 bread rations
 d - a meat ration
 h - a chunk of flesh


   Skills:
 + Level 2.6 Dodging
 + Level 2.4 Stealth
 + Level 2.4 Spellcasting
 + Level 7.2 Conjurations


You had 3 spell levels left.
You knew the following spells:

 Your Spells              Type           Power        Failure   Level  Hunger
a - Magic Dart            Conj           ####         1%          1    #......
b - Dazzling Spray        Conj/Hex       ##....       14%         3    ###....


Dungeon Overview and Level Annotations

Branches:
Dungeon (3/15)

Altars:
Makhleb

Annotations:
D:2 Ijyb, Natasha, Sigmund, Terence


Innate Abilities, Weirdness & Mutations

You have a beak for a mouth.
You have claws for feet.


Message History

Confirm with . or Enter, or press ? or * to list all spells.
Aiming: Dazzling Spray
Press: ? - help, Shift-Dir - straight line, f/p - big kobold
Aim: a big kobold, wielding a short sword (severely wounded)
The spray of energy hits the big kobold.
The big kobold is almost dead.
The spray of energy misses the ball python.
The ball python bites you.
* * * LOW HITPOINT WARNING * * *
The ball python grabs you.
* * * LOW HITPOINT WARNING * * *
The ball python constricts you.
The big kobold hits you with a short sword.
* * * LOW HITPOINT WARNING * * *
The ball python bites you.
* * * LOW HITPOINT WARNING * * *
The ball python constricts you.
You escape the ball python's grasp.
The big kobold hits you with a short sword.
You die...

##.....≈≈# ≈≈#.....#
##....≈≈#≈≈≈#.....#
##.....≈#≈≈≈#.....##
##......P≈≈≈≈#......#
#......≈≈≈≈≈≈#.....P#
#......≈≈≈≈≈≈#...÷..#
##..S.P≈P#≈≈≈#......#
#..K..≈≈#≈≈≈#≈≈....#
#..@...≈#≈≈≈#P≈...##
#.......#≈≈≈≈≈≈...##
#.....P.#≈≈≈≈≈≈....#
#..PP...#≈≈≈#P...###
###.....#≈≈≈#....#
###++##≈≈≈##++##
#≈≈≈# #≈≈≈# #≈≈≈#


You could see a big kobold and a ball python.

Vanquished Creatures
  4 adders
  An ooze (Sewer)
  A worm (D:3)
  A dart slug (D:1)
  4 giant geckos
  An orc (D:3)
  3 giant cockroaches
  6 goblins
  4 hobgoblins
  4 jackals (D:1)
  8 kobolds
  5 ball pythons
  6 bats
  8 giant newts
  3 rats
59 creatures vanquished.

Notes
Turn   | Place    | Note
--------------------------------------------------------------
     0 | D:1      | nubinia the Tengu Conjurer began the quest for the Orb.
     0 | D:1      | Reached XP level 1. HP: 10/10 MP: 4/4
   107 | D:1      | Reached XP level 2. HP: 15/15 MP: 1/6
   890 | D:1      | Reached skill level 6 in Conjurations
   935 | D:2      | Reached XP level 3. HP: 19/19 MP: 0/7
   945 | D:2      | Learned a level 3 spell: Dazzling Spray
  1039 | D:2      | Noticed Ijyb
  1216 | D:2      | Noticed Sigmund
  1378 | D:2      | Found a burning altar of Makhleb.
  1389 | D:2      | Noticed a blizzard demon
  1612 | D:2      | Noticed Terence
  1740 | D:2      | Noticed Natasha
  1880 | D:3      | Reached XP level 4. HP: 8/24 MP: 0/8
  2155 | D:3      | Found a glowing drain.
  2235 | Sewer    | Entered a sewer
  2287 | Sewer    | Reached skill level 7 in Conjurations
  2555 | Sewer    | Noticed a big kobold
  2598 | Sewer    | Slain by a big kobold

Vault maps used:
D:1:      dpeg_arrival_simpleton_b
D:2:      makhleb_altar_promises_db, uniq_sigmund, uniq_terence, uniq_iyjb,
          uniq_natasha
D:3:      gup_sewer_entry_pipe
Sewer:    kennysheep_pipe_town

Skill      XL: |  1  2  3  4 |
---------------+-------------+-----
Conjurations   | 6 7 |  7.2
Dodging        | |  2.6
Stealth        | |  2.4
Spellcasting   | |  2.4

Action                   |  1- 3 |  4- 6 || total
-------------------------+-------+-------++-------
Melee: Unarmed           |     7 |       ||     7
       Kick              |     4 |     1 ||     5
       Club              |    11 |    10 ||    21
       Peck              |     1 |     1 ||     2
 Fire: Blowgun           |       |     1 ||     1
 Cast: Magic Dart        |    62 |    53 ||   115
       Dazzling Spray    |       |     4 ||     4
  Use: Scroll            |     6 |       ||     6
  Eat: Chunk             |     3 |     4 ||     7
Armor: Robe              |     2 |     4 ||     6
Dodge: Dodged            |    15 |    15 ||    30
